Hurricanes vs Oilers

Created - December 16 2006 at 11:58

Goals
1 2 3 OT1 SO T
Hurricanes 3 0 1 0 2 5
Oilers 2 1 1 0 0 4
Shots
1 2 3 OT1 SO T
Hurricanes 15 7 7 5 2 34
Oilers 14 9 13 3 2 39

Period #1

1. Hurricanes , Brent Sopel 1 (Cory Stillman, Erik Cole) at 8:45
2. Hurricanes , Erik Cole 4 (Frantisek Kaberle, Eric Staal) at 9:25
3. Oilers , Mike Sillinger 3 (Dick Tarnstrom) at 12:15
4. Oilers , Marty Reasoner 3 (Dick Tarnstrom, Mike Sillinger) at 17:38
5. Hurricanes , Justin Williams 5 (Martin Havlat, Mike Commodore) at 19:15 (PP)

Penalities :
Jason Smith (EDM) for Charging (Minor) at 0:45, Mike Commodore (CAR) for Clipping (Minor) at 3:45, Frantisek Kaberle (CAR) for Holding (Minor) at 12:33, Jason Smith (EDM) for Charging (Minor) at 14:43, Jarret Stoll (EDM) for Interference (Minor) at 17:45

Period #2

6. Oilers , Dick Tarnstrom 1 (Mike Sillinger, Fernando Pisani) at 13:27

Penalities :
Nicklas Lidstrom (EDM) for Diving (Minor) at 0:27, Jason Smith (EDM) for High sticking (Double Minor) at 6:53

Period #3

7. Oilers , Keith Tkachuk 5 (Daniel Alfredsson, Daniel Tjarnqvist) at 1:00
8. Hurricanes , Mike Commodore 1 (Justin Williams, Martin Havlat) at 7:22 (PP)

Penalities :
Erik Cole (CAR) for Roughing (Minor) at 4:09, Ethan Moreau (EDM) for Checking from behind (Major) at 6:43, Jason Smith (EDM) for Elbowing (Minor) at 19:13

Overtime #1

No Goal

Penalities :
No Penalty

Shootout

Penalty Shot by Eric Staal for Hurricanes - Goal!
Penalty Shot by Daniel Alfredsson for Oilers - Stopped by Evgeni Nabokov
Penalty Shot by Erik Cole for Hurricanes - Goal!
Penalty Shot by Shawn Horcoff for Oilers - Stopped by Evgeni Nabokov

Penalities :
No Penalty

Goalie Stats

Evgeni Nabokov (CAR), 35 saves from 39 shots - (0.897), W, 1-2-1, 65:00 minutes
Jussi Markkanen (EDM), 30 saves from 34 shots - (0.882), OTL, 0-0-2, 65:00 minutes

Players Stats

Hurricanes
Player Name              G  A  P  +/- PIM S  H  SB FO MP 
-----------------------------------------------------------
Brent Sopel              1  0  1   2  0   2  0  2  0  26 
Bret Hedican             0  0  0  -2  0   0  0  1  0  16 
Cory Stillman            0  1  1   2  0   3  0  0  1  24 
Eric Belanger            0  0  0   0  0   0  0  0  4  4  
Eric Staal               0  1  1   2  0   4  0  0  26 24 
Erik Cole                1  1  2   2  2   5  1  1  1  23 
Frantisek Kaberle        0  1  1   2  2   1  0  1  0  27 
Glen Wesley              0  0  0  -2  0   0  0  1  0  17 
Jeff Halpern             0  0  0  -2  0   3  0  1  17 17 
Justin Williams          1  1  2  -2  0   4  0  0  2  20 
Kevyn Adams              0  0  0   0  0   0  0  0  0  0  
Martin Havlat            0  2  2  -2  0   2  0  0  0  20 
Mike Commodore           1  1  2  -2  2   1  0  1  0  24 
Ray Whitney              0  0  0  -2  0   0  0  1  2  15 
Rod Brind'Amour          0  0  0  -2  0   5  0  0  39 26 
Scott Walker             0  0  0  -2  0   3  0  0  1  15 
Shawn Bates              0  0  0   0  0   1  0  1  2  8  
Tim Gleason              0  0  0  -2  0   0  0  2  0  25 
Oilers
Player Name              G  A  P  +/- PIM S  H  SB FO MP 
-----------------------------------------------------------
Ales Hemsky              0  0  0   0  0   3  1  0  5  16 
Daniel Alfredsson        0  1  1   0  0   4  0  1  13 21 
Daniel Tjarnqvist        0  1  1  -1  0   1  0  2  0  21 
Dick Tarnstrom           1  2  3   3  0   3  0  1  0  26 
Ethan Moreau             0  0  0  -1  5   1  2  0  8  8  
Fernando Pisani          0  1  1   3  0   3  1  0  1  14 
Jarret Stoll             0  0  0   0  2   4  0  0  17 15 
Jason Smith              0  0  0   0  10  0  2  2  0  20 
Keith Tkachuk            1  0  1   0  0   2  0  0  15 20 
Marty Reasoner           1  0  1   3  0   1  0  0  15 14 
Mike Sillinger           1  2  3   3  0   3  1  0  1  14 
Nicklas Lidstrom         0  0  0  -1  2   1  2  2  0  27 
Petr Sykora              0  0  0  -1  0   0  1  0  0  8  
Raffi Torres             0  0  0  -1  0   3  2  1  1  9  
Ruslan Salei             0  0  0   0  0   2  1  0  0  26 
Ryan Smyth               0  0  0   0  0   4  1  0  0  24 
Shawn Horcoff            0  0  0   0  0   4  0  0  19 21 
Steve Staios             0  0  0   3  0   0  0  0  0  16 

3 Stars

1 - Mike Sillinger (EDM)
2 - Dick Tarnstrom (EDM)
3 - Erik Cole (CAR)

Power Play

Hurricanes - 2 on 6 Attempt(s) - 33.33%
Oilers - 0 on 4 Attempt(s) - 0.00%

Penalty Kill

Hurricanes - 4 on 4 Attempt(s) - 100.00% - Score 0 goal in Penalty Kill
Oilers - 4 on 6 Attempt(s) - 66.67% - Score 0 goal in Penalty Kill

Game Notes

No Game Note

Finance

Level 1 -- Attendance: 3390 (67.80%) -- Ticket Income $339,000.00
Level 2 -- Attendance: 3934 (92.57%) -- Ticket Income $236,040.00
Level 3 -- Attendance: 1745 (81.57%) -- Ticket Income $61,075.00
Level 4 -- Attendance: 3217 (80.42%) -- Ticket Income $64,340.00
Luxury Box -- Attendance: 753 (75.34%) -- Ticket Income $150,600.00
Game was played at the Rexall Place
Total Attendance: 13039 (79.56%)
Total Ticket Income: $893,839.70
Other Expense: $117,800.20
Total Income: $776,040.00


Play by Play

Period #1

0:01 of 1st period - Shawn Horcoff wins face-off versus Eric Staal in neutral zone.
0:05 of 1st period - Icing by Frantisek Kaberle.
0:06 of 1st period - Eric Staal wins face-off versus Jarret Stoll in Hurricanes zone.
0:26 of 1st period - Cory Stillman is hit by Jason Smith and loses puck.
0:36 of 1st period - Shot by Cory Stillman.
0:36 of 1st period - Shot Misses the Net.
0:44 of 1st period - Ryan Smyth is hit by Erik Cole and loses puck.
0:45 of 1st period - Minor Penalty to Jason Smith for Charging.
0:46 of 1st period - Rod Brind'Amour wins face-off versus Daniel Alfredsson in Hurricanes zone.
0:54 of 1st period - Off-side.
0:55 of 1st period - Rod Brind'Amour wins face-off versus Daniel Alfredsson in neutral zone.
1:01 of 1st period - Off-side.
1:02 of 1st period - Daniel Alfredsson wins face-off versus Justin Williams in neutral zone.
1:37 of 1st period - Shot by Rod Brind'Amour.
1:37 of 1st period - Stopped by Jussi Markkanen without a rebound.
1:38 of 1st period - Eric Staal wins face-off versus Daniel Alfredsson in Oilers zone.
1:49 of 1st period - Shot by Eric Staal.
1:49 of 1st period - Stopped by Jussi Markkanen without a rebound.
1:50 of 1st period - Keith Tkachuk wins face-off versus Erik Cole in Oilers zone.
2:27 of 1st period - Shot by Cory Stillman.
2:27 of 1st period - Stopped by Jussi Markkanen without a rebound.
2:28 of 1st period - Rod Brind'Amour wins face-off versus Keith Tkachuk in Oilers zone.
2:29 of 1st period - Shot by Martin Havlat.
2:29 of 1st period - Shot Misses the Net.
3:45 of 1st period - Minor Penalty to Mike Commodore for Clipping.
3:46 of 1st period - Rod Brind'Amour wins face-off versus Jarret Stoll in Hurricanes zone.
4:23 of 1st period - Shot by Ryan Smyth.
4:23 of 1st period - Shot Blocked by Shawn Bates.
4:26 of 1st period - Shot by Jarret Stoll.
4:26 of 1st period - Shot Misses the Net.
4:29 of 1st period - Shot by Ales Hemsky.
4:29 of 1st period - Stopped by Evgeni Nabokov with a rebound.
4:30 of 1st period - Shot by Ruslan Salei.
4:30 of 1st period - Stopped by Evgeni Nabokov without a rebound.
4:31 of 1st period - Shawn Horcoff wins face-off versus Jeff Halpern in Hurricanes zone.
4:34 of 1st period - Shot by Shawn Horcoff.
4:34 of 1st period - Shot Misses the Net.
4:37 of 1st period - Shot by Daniel Alfredsson.
4:37 of 1st period - Shot Misses the Net.
5:08 of 1st period - Shot by Daniel Alfredsson.
5:08 of 1st period - Shot Misses the Net.
5:11 of 1st period - Shot by Daniel Alfredsson.
5:11 of 1st period - Stopped by Evgeni Nabokov without a rebound.
5:12 of 1st period - Jeff Halpern wins face-off versus Jarret Stoll in Hurricanes zone.
5:38 of 1st period - Icing by Ruslan Salei.
5:39 of 1st period - Jarret Stoll wins face-off versus Jeff Halpern in Oilers zone.
8:11 of 1st period - Scott Walker is hit by Jason Smith and loses puck.
8:28 of 1st period - Off-side.
8:29 of 1st period - Eric Staal wins face-off versus Ethan Moreau in neutral zone.
8:44 of 1st period - Shot by Cory Stillman.
8:44 of 1st period - Shot Blocked by Raffi Torres.
8:45 of 1st period - Shot by Brent Sopel.
8:45 of 1st period - Goal by Brent Sopel.
8:46 of 1st period - Marty Reasoner wins face-off versus Eric Belanger in neutral zone.
8:59 of 1st period - Shot by Fernando Pisani.
8:59 of 1st period - Stopped by Evgeni Nabokov without a rebound.
9:00 of 1st period - Shawn Horcoff wins face-off versus Eric Staal in Hurricanes zone.
9:13 of 1st period - Shot by Keith Tkachuk.
9:13 of 1st period - Shot Blocked by Brent Sopel.
9:22 of 1st period - Shot by Erik Cole.
9:22 of 1st period - Stopped by Jussi Markkanen with a rebound.
9:25 of 1st period - Shot by Erik Cole.
9:25 of 1st period - Goal by Erik Cole.
9:26 of 1st period - Jarret Stoll wins face-off versus Rod Brind'Amour in neutral zone.
9:29 of 1st period - Shot by Jarret Stoll.
9:29 of 1st period - Shot Blocked by Bret Hedican.
9:35 of 1st period - Off-side.
9:36 of 1st period - Marty Reasoner wins face-off versus Jeff Halpern in neutral zone.
10:47 of 1st period - Shot by Martin Havlat.
10:47 of 1st period - Shot Misses the Net.
10:57 of 1st period - Martin Havlat is hit by Ethan Moreau and loses puck.
11:06 of 1st period - Off-side.
11:07 of 1st period - Eric Staal wins face-off versus Jarret Stoll in neutral zone.
11:18 of 1st period - Shot by Erik Cole.
11:18 of 1st period - Shot Blocked by Jason Smith.
11:31 of 1st period - Shot by Ryan Smyth.
11:31 of 1st period - Shot Misses the Net.
11:32 of 1st period - Shot by Ruslan Salei.
11:32 of 1st period - Shot Misses the Net.
11:33 of 1st period - Shot by Jarret Stoll.
11:33 of 1st period - Shot Misses the Net.
11:34 of 1st period - Shot by Jarret Stoll.
11:34 of 1st period - Shot Blocked by Erik Cole.
11:37 of 1st period - Shot by Ryan Smyth.
11:37 of 1st period - Shot Misses the Net.
11:40 of 1st period - Shot by Ales Hemsky.
11:40 of 1st period - Stopped by Evgeni Nabokov without a rebound.
11:41 of 1st period - Jeff Halpern wins face-off versus Shawn Horcoff in Hurricanes zone.
11:50 of 1st period - Shot by Scott Walker.
11:50 of 1st period - Stopped by Jussi Markkanen without a rebound.
11:51 of 1st period - Rod Brind'Amour wins face-off versus Ethan Moreau in Oilers zone.
11:53 of 1st period - Justin Williams is hit by Petr Sykora and loses puck.
12:01 of 1st period - Shot by Raffi Torres.
12:01 of 1st period - Stopped by Evgeni Nabokov with a rebound.
12:05 of 1st period - Off-side.
12:06 of 1st period - Jeff Halpern wins face-off versus Marty Reasoner in neutral zone.
12:15 of 1st period - Shot by Mike Sillinger.
12:15 of 1st period - Goal by Mike Sillinger.
12:16 of 1st period - Jarret Stoll wins face-off versus Eric Staal in neutral zone.
12:29 of 1st period - Shot by Jarret Stoll.
12:29 of 1st period - Shot Misses the Net.
12:32 of 1st period - Shot by Ryan Smyth.
12:32 of 1st period - Shot Misses the Net.
12:33 of 1st period - Shot by Jason Smith.
12:33 of 1st period - Shot Hit the Post.
12:33 of 1st period - Minor Penalty to Frantisek Kaberle for Holding.
12:34 of 1st period - Rod Brind'Amour wins face-off versus Shawn Horcoff in Hurricanes zone.
12:53 of 1st period - Shot by Daniel Alfredsson.
12:53 of 1st period - Shot Misses the Net.
12:54 of 1st period - Shot by Dick Tarnstrom.
12:54 of 1st period - Shot Misses the Net.
12:55 of 1st period - Shot by Nicklas Lidstrom.
12:55 of 1st period - Shot Blocked by Brent Sopel.
12:56 of 1st period - Shot by Dick Tarnstrom.
12:56 of 1st period - Shot Hit the Post.
13:01 of 1st period - Shot by Daniel Alfredsson.
13:01 of 1st period - Shot Misses the Net.
14:06 of 1st period - Shot by Jarret Stoll.
14:06 of 1st period - Stopped by Evgeni Nabokov without a rebound.
14:07 of 1st period - Shawn Horcoff wins face-off versus Rod Brind'Amour in Hurricanes zone.
14:08 of 1st period - Shot by Daniel Alfredsson.
14:08 of 1st period - Shot Misses the Net.
14:23 of 1st period - Shot by Daniel Alfredsson.
14:23 of 1st period - Stopped by Evgeni Nabokov with a rebound.
14:28 of 1st period - Shot by Daniel Alfredsson.
14:28 of 1st period - Shot Misses the Net.
14:31 of 1st period - Shot by Shawn Horcoff.
14:31 of 1st period - Stopped by Evgeni Nabokov with a rebound.
14:34 of 1st period - Shot by Marty Reasoner.
14:34 of 1st period - Shot Misses the Net.
14:39 of 1st period - Shot by Marty Reasoner.
14:39 of 1st period - Shot Misses the Net.
14:40 of 1st period - Shot by Steve Staios.
14:40 of 1st period - Shot Misses the Net.
14:41 of 1st period - Shot by Daniel Tjarnqvist.
14:41 of 1st period - Stopped by Evgeni Nabokov without a rebound.
14:42 of 1st period - Eric Belanger wins face-off versus Raffi Torres in Hurricanes zone.
14:42 of 1st period - Frantisek Kaberle is hit by Raffi Torres and loses puck.
14:43 of 1st period - Minor Penalty to Jason Smith for Charging.
14:44 of 1st period - Keith Tkachuk wins face-off versus Eric Staal in Hurricanes zone.
14:55 of 1st period - Shot by Brent Sopel.
14:55 of 1st period - Shot Misses the Net.
14:58 of 1st period - Shot by Eric Staal.
14:58 of 1st period - Shot Misses the Net.
14:59 of 1st period - Shot by Brent Sopel.
14:59 of 1st period - Stopped by Jussi Markkanen without a rebound.
15:00 of 1st period - Rod Brind'Amour wins face-off versus Ales Hemsky in Oilers zone.
15:33 of 1st period - Shot by Martin Havlat.
15:33 of 1st period - Shot Blocked by Daniel Tjarnqvist.
17:00 of 1st period - Shot by Scott Walker.
17:00 of 1st period - Stopped by Jussi Markkanen without a rebound.
17:01 of 1st period - Ethan Moreau wins face-off versus Eric Belanger in Oilers zone.
17:20 of 1st period - Shot by Eric Belanger.
17:20 of 1st period - Stopped by Jussi Markkanen without a rebound.
17:21 of 1st period - Marty Reasoner wins face-off versus Rod Brind'Amour in Oilers zone.
17:34 of 1st period - Shot by Mike Sillinger.
17:34 of 1st period - Shot Blocked by Mike Commodore.
17:35 of 1st period - Shot by Dick Tarnstrom.
17:35 of 1st period - Shot Misses the Net.
17:38 of 1st period - Shot by Marty Reasoner.
17:38 of 1st period - Goal by Marty Reasoner.
17:39 of 1st period - Jeff Halpern wins face-off versus Jarret Stoll in neutral zone.
17:45 of 1st period - Minor Penalty to Jarret Stoll for Interference.
17:46 of 1st period - Keith Tkachuk wins face-off versus Eric Staal in Oilers zone.
18:17 of 1st period - Shot by Eric Staal.
18:17 of 1st period - Stopped by Jussi Markkanen without a rebound.
18:18 of 1st period - Keith Tkachuk wins face-off versus Rod Brind'Amour in Oilers zone.
18:32 of 1st period - Icing by Rod Brind'Amour.
18:33 of 1st period - Keith Tkachuk wins face-off versus Rod Brind'Amour in Hurricanes zone.
18:34 of 1st period - Shot by Ryan Smyth.
18:34 of 1st period - Stopped by Evgeni Nabokov without a rebound.
18:35 of 1st period - Keith Tkachuk wins face-off versus Rod Brind'Amour in Hurricanes zone.
18:48 of 1st period - Shot by Justin Williams.
18:48 of 1st period - Stopped by Jussi Markkanen without a rebound.
18:49 of 1st period - Eric Staal wins face-off versus Shawn Horcoff in Oilers zone.
18:50 of 1st period - Shot by Cory Stillman.
18:50 of 1st period - Shot Misses the Net.
18:55 of 1st period - Shot by Eric Staal.
18:55 of 1st period - Shot Blocked by Nicklas Lidstrom.
18:56 of 1st period - Shot by Frantisek Kaberle.
18:56 of 1st period - Shot Misses the Net.
18:59 of 1st period - Shot by Cory Stillman.
18:59 of 1st period - Shot Misses the Net.
19:00 of 1st period - Shot by Cory Stillman.
19:00 of 1st period - Shot Misses the Net.
19:01 of 1st period - Shot by Frantisek Kaberle.
19:01 of 1st period - Stopped by Jussi Markkanen without a rebound.
19:02 of 1st period - Rod Brind'Amour wins face-off versus Keith Tkachuk in Oilers zone.
19:15 of 1st period - Shot by Justin Williams.
19:15 of 1st period - Goal by Justin Williams.
19:16 of 1st period - Eric Staal wins face-off versus Ethan Moreau in neutral zone.
19:16 of 1st period - Erik Cole is hit by Raffi Torres and loses puck.
19:42 of 1st period - Shot by Ethan Moreau.
19:42 of 1st period - Stopped by Evgeni Nabokov without a rebound.
19:43 of 1st period - Jeff Halpern wins face-off versus Ales Hemsky in Hurricanes zone.
19:52 of 1st period - Shot by Scott Walker.
19:52 of 1st period - Stopped by Jussi Markkanen without a rebound.
19:53 of 1st period - Rod Brind'Amour wins face-off versus Mike Sillinger in Oilers zone.

Period #2

0:01 of 2nd period - Eric Staal wins face-off versus Shawn Horcoff in neutral zone.
0:14 of 2nd period - Shot by Erik Cole.
0:14 of 2nd period - Shot Blocked by Daniel Alfredsson.
0:16 of 2nd period - Erik Cole is hit by Nicklas Lidstrom and loses puck.
0:27 of 2nd period - Minor Penalty to Nicklas Lidstrom for Diving.
0:28 of 2nd period - Rod Brind'Amour wins face-off versus Keith Tkachuk in Oilers zone.
1:50 of 2nd period - Icing by Brent Sopel.
1:51 of 2nd period - Eric Staal wins face-off versus Keith Tkachuk in Hurricanes zone.
2:08 of 2nd period - Shot by Cory Stillman.
2:08 of 2nd period - Stopped by Jussi Markkanen without a rebound.
2:09 of 2nd period - Keith Tkachuk wins face-off versus Rod Brind'Amour in Oilers zone.
2:36 of 2nd period - Shot by Petr Sykora.
2:36 of 2nd period - Shot Misses the Net.
2:41 of 2nd period - Shot by Raffi Torres.
2:41 of 2nd period - Stopped by Evgeni Nabokov without a rebound.
2:42 of 2nd period - Marty Reasoner wins face-off versus Shawn Bates in Hurricanes zone.
3:05 of 2nd period - Shot by Fernando Pisani.
3:05 of 2nd period - Shot Misses the Net.
3:08 of 2nd period - Shot by Mike Sillinger.
3:08 of 2nd period - Stopped by Evgeni Nabokov without a rebound.
3:09 of 2nd period - Eric Staal wins face-off versus Ethan Moreau in Hurricanes zone.
4:38 of 2nd period - Shot by Jeff Halpern.
4:38 of 2nd period - Shot Misses the Net.
4:39 of 2nd period - Shot by Jeff Halpern.
4:39 of 2nd period - Stopped by Jussi Markkanen without a rebound.
4:40 of 2nd period - Rod Brind'Amour wins face-off versus Marty Reasoner in Oilers zone.
5:03 of 2nd period - Shot by Rod Brind'Amour.
5:03 of 2nd period - Stopped by Jussi Markkanen with a rebound.
5:18 of 2nd period - Shot by Justin Williams.
5:18 of 2nd period - Shot Misses the Net.
5:54 of 2nd period - Cory Stillman is hit by Ryan Smyth and loses puck.
6:09 of 2nd period - Off-side.
6:10 of 2nd period - Scott Walker wins face-off versus Shawn Horcoff in neutral zone.
6:16 of 2nd period - Off-side.
6:17 of 2nd period - Jeff Halpern wins face-off versus Shawn Horcoff in neutral zone.
6:34 of 2nd period - Shot by Keith Tkachuk.
6:34 of 2nd period - Shot Misses the Net.
6:35 of 2nd period - Shot by Daniel Tjarnqvist.
6:35 of 2nd period - Shot Misses the Net.
6:40 of 2nd period - Shot by Daniel Alfredsson.
6:40 of 2nd period - Stopped by Evgeni Nabokov without a rebound.
6:41 of 2nd period - Jarret Stoll wins face-off versus Cory Stillman in Hurricanes zone.
6:53 of 2nd period - Double Minor Penalty to Jason Smith for High sticking.
6:54 of 2nd period - Eric Staal wins face-off versus Daniel Alfredsson in Oilers zone.
11:24 of 2nd period - Icing by Dick Tarnstrom.
11:25 of 2nd period - Rod Brind'Amour wins face-off versus Marty Reasoner in Oilers zone.
11:34 of 2nd period - Shot by Justin Williams.
11:34 of 2nd period - Stopped by Jussi Markkanen with a rebound.
11:48 of 2nd period - Icing by Bret Hedican.
11:49 of 2nd period - Rod Brind'Amour wins face-off versus Ethan Moreau in Hurricanes zone.
12:04 of 2nd period - Shot by Justin Williams.
12:04 of 2nd period - Stopped by Jussi Markkanen with a rebound.
12:05 of 2nd period - Shot by Mike Commodore.
12:05 of 2nd period - Shot Blocked by Daniel Tjarnqvist.
12:13 of 2nd period - Martin Havlat is hit by Ethan Moreau and loses puck.
12:59 of 2nd period - Shot by Eric Staal.
12:59 of 2nd period - Shot Misses the Net.
13:24 of 2nd period - Shot by Ryan Smyth.
13:24 of 2nd period - Stopped by Evgeni Nabokov without a rebound.
13:25 of 2nd period - Fernando Pisani wins face-off versus Ray Whitney in Hurricanes zone.
13:26 of 2nd period - Shot by Mike Sillinger.
13:26 of 2nd period - Shot Blocked by Tim Gleason.
13:27 of 2nd period - Shot by Dick Tarnstrom.
13:27 of 2nd period - Goal by Dick Tarnstrom.
13:28 of 2nd period - Marty Reasoner wins face-off versus Shawn Bates in neutral zone.
13:34 of 2nd period - Frantisek Kaberle is hit by Mike Sillinger and loses puck.
13:49 of 2nd period - Icing by Mike Commodore.
13:50 of 2nd period - Eric Belanger wins face-off versus Shawn Horcoff in Hurricanes zone.
14:27 of 2nd period - Shot by Keith Tkachuk.
14:27 of 2nd period - Stopped by Evgeni Nabokov without a rebound.
14:28 of 2nd period - Ales Hemsky wins face-off versus Jeff Halpern in Hurricanes zone.
14:44 of 2nd period - Jeff Halpern is hit by Ales Hemsky and loses puck.
15:19 of 2nd period - Off-side.
15:20 of 2nd period - Eric Staal wins face-off versus Marty Reasoner in neutral zone.
15:48 of 2nd period - Erik Cole is hit by Fernando Pisani and loses puck.
15:54 of 2nd period - Shot by Eric Staal.
15:54 of 2nd period - Shot Misses the Net.
15:57 of 2nd period - Shot by Cory Stillman.
15:57 of 2nd period - Stopped by Jussi Markkanen with a rebound.
16:26 of 2nd period - Shot by Raffi Torres.
16:26 of 2nd period - Stopped by Evgeni Nabokov with a rebound.
16:39 of 2nd period - Shot by Raffi Torres.
16:39 of 2nd period - Shot Misses the Net.
16:45 of 2nd period - Icing by Bret Hedican.
16:46 of 2nd period - Rod Brind'Amour wins face-off versus Jarret Stoll in Hurricanes zone.
17:09 of 2nd period - Shot by Ryan Smyth.
17:09 of 2nd period - Stopped by Evgeni Nabokov with a rebound.
17:12 of 2nd period - Shot by Jarret Stoll.
17:12 of 2nd period - Stopped by Evgeni Nabokov without a rebound.
17:13 of 2nd period - Eric Staal wins face-off versus Shawn Horcoff in Hurricanes zone.
17:31 of 2nd period - Erik Cole is hit by Nicklas Lidstrom and loses puck.
17:57 of 2nd period - Shot by Keith Tkachuk.
17:57 of 2nd period - Shot Misses the Net.
18:35 of 2nd period - Icing by Jarret Stoll.
18:36 of 2nd period - Jarret Stoll wins face-off versus Rod Brind'Amour in Oilers zone.
18:55 of 2nd period - Shot by Rod Brind'Amour.
18:55 of 2nd period - Stopped by Jussi Markkanen without a rebound.
18:56 of 2nd period - Jeff Halpern wins face-off versus Marty Reasoner in Oilers zone.
19:31 of 2nd period - Shot by Jeff Halpern.
19:31 of 2nd period - Shot Misses the Net.

Period #3

0:01 of 3rd period - Shawn Horcoff wins face-off versus Eric Staal in neutral zone.
0:20 of 3rd period - Shot by Eric Staal.
0:20 of 3rd period - Stopped by Jussi Markkanen without a rebound.
0:21 of 3rd period - Jarret Stoll wins face-off versus Rod Brind'Amour in Oilers zone.
0:42 of 3rd period - Shot by Ryan Smyth.
0:42 of 3rd period - Shot Misses the Net.
0:44 of 3rd period - Icing by Bret Hedican.
0:45 of 3rd period - Rod Brind'Amour wins face-off versus Shawn Horcoff in Hurricanes zone.
1:00 of 3rd period - Shot by Keith Tkachuk.
1:00 of 3rd period - Goal by Keith Tkachuk.
1:01 of 3rd period - Eric Staal wins face-off versus Marty Reasoner in neutral zone.
1:38 of 3rd period - Shot by Dick Tarnstrom.
1:38 of 3rd period - Stopped by Evgeni Nabokov with a rebound.
1:39 of 3rd period - Shot by Mike Sillinger.
1:39 of 3rd period - Stopped by Evgeni Nabokov with a rebound.
1:42 of 3rd period - Shot by Mike Sillinger.
1:42 of 3rd period - Stopped by Evgeni Nabokov with a rebound.
1:47 of 3rd period - Shot by Dick Tarnstrom.
1:47 of 3rd period - Shot Blocked by Frantisek Kaberle.
1:50 of 3rd period - Shot by Mike Sillinger.
1:50 of 3rd period - Shot Misses the Net.
2:06 of 3rd period - Off-side.
2:07 of 3rd period - Jarret Stoll wins face-off versus Rod Brind'Amour in neutral zone.
2:19 of 3rd period - Off-side.
2:20 of 3rd period - Ray Whitney wins face-off versus Shawn Horcoff in neutral zone.
2:35 of 3rd period - Shot by Shawn Horcoff.
2:35 of 3rd period - Shot Misses the Net.
2:39 of 3rd period - Icing by Tim Gleason.
2:40 of 3rd period - Jeff Halpern wins face-off versus Jarret Stoll in Hurricanes zone.
3:05 of 3rd period - Shot by Jeff Halpern.
3:05 of 3rd period - Stopped by Jussi Markkanen with a rebound.
3:44 of 3rd period - Shot by Raffi Torres.
3:44 of 3rd period - Shot Blocked by Jeff Halpern.
4:04 of 3rd period - Icing by Daniel Tjarnqvist.
4:05 of 3rd period - Ethan Moreau wins face-off versus Eric Staal in Oilers zone.
4:09 of 3rd period - Minor Penalty to Erik Cole for Roughing.
4:10 of 3rd period - Rod Brind'Amour wins face-off versus Shawn Horcoff in Hurricanes zone.
4:29 of 3rd period - Shot by Keith Tkachuk.
4:29 of 3rd period - Stopped by Evgeni Nabokov without a rebound.
4:30 of 3rd period - Rod Brind'Amour wins face-off versus Jarret Stoll in Hurricanes zone.
5:16 of 3rd period - Icing by Jason Smith.
5:17 of 3rd period - Jeff Halpern wins face-off versus Jarret Stoll in Oilers zone.
5:56 of 3rd period - Shot by Shawn Horcoff.
5:56 of 3rd period - Shot Misses the Net.
5:59 of 3rd period - Shot by Dick Tarnstrom.
5:59 of 3rd period - Shot Misses the Net.
6:02 of 3rd period - Shot by Shawn Horcoff.
6:02 of 3rd period - Stopped by Evgeni Nabokov without a rebound.
6:03 of 3rd period - Shawn Horcoff wins face-off versus Justin Williams in Hurricanes zone.
6:08 of 3rd period - Shot by Shawn Horcoff.
6:08 of 3rd period - Stopped by Evgeni Nabokov without a rebound.
6:09 of 3rd period - Rod Brind'Amour wins face-off versus Marty Reasoner in Hurricanes zone.
6:24 of 3rd period - Shot by Martin Havlat.
6:24 of 3rd period - Stopped by Jussi Markkanen without a rebound.
6:25 of 3rd period - Ethan Moreau wins face-off versus Eric Staal in Oilers zone.
6:43 of 3rd period - Major Penalty to Ethan Moreau for Checking from behind.
6:44 of 3rd period - Rod Brind'Amour wins face-off versus Keith Tkachuk in Hurricanes zone.
6:51 of 3rd period - Shot by Martin Havlat.
6:51 of 3rd period - Shot Misses the Net.
7:16 of 3rd period - Shot by Justin Williams.
7:16 of 3rd period - Stopped by Jussi Markkanen with a rebound.
7:21 of 3rd period - Shot by Justin Williams.
7:21 of 3rd period - Shot Misses the Net.
7:22 of 3rd period - Shot by Mike Commodore.
7:22 of 3rd period - Goal by Mike Commodore.
7:23 of 3rd period - Eric Staal wins face-off versus Daniel Alfredsson in neutral zone.
8:42 of 3rd period - Shot by Jeff Halpern.
8:42 of 3rd period - Shot Blocked by Dick Tarnstrom.
8:47 of 3rd period - Shot by Martin Havlat.
8:47 of 3rd period - Shot Misses the Net.
8:48 of 3rd period - Shot by Martin Havlat.
8:48 of 3rd period - Shot Blocked by Nicklas Lidstrom.
10:52 of 3rd period - Icing by Brent Sopel.
10:53 of 3rd period - Jeff Halpern wins face-off versus Ales Hemsky in Hurricanes zone.
11:02 of 3rd period - Shot by Jeff Halpern.
11:02 of 3rd period - Stopped by Jussi Markkanen without a rebound.
11:03 of 3rd period - Rod Brind'Amour wins face-off versus Daniel Alfredsson in Oilers zone.
13:13 of 3rd period - Cory Stillman is hit by Ruslan Salei and loses puck.
13:49 of 3rd period - Shot by Ethan Moreau.
13:49 of 3rd period - Shot Blocked by Tim Gleason.
13:50 of 3rd period - Shot by Nicklas Lidstrom.
13:50 of 3rd period - Stopped by Evgeni Nabokov without a rebound.
13:51 of 3rd period - Marty Reasoner wins face-off versus Rod Brind'Amour in Hurricanes zone.
14:58 of 3rd period - Shot by Daniel Alfredsson.
14:58 of 3rd period - Shot Misses the Net.
15:15 of 3rd period - Shot by Daniel Alfredsson.
15:15 of 3rd period - Shot Misses the Net.
15:27 of 3rd period - Icing by Daniel Alfredsson.
15:28 of 3rd period - Eric Staal wins face-off versus Shawn Horcoff in Oilers zone.
15:59 of 3rd period - Shot by Cory Stillman.
15:59 of 3rd period - Shot Misses the Net.
16:10 of 3rd period - Shot by Erik Cole.
16:10 of 3rd period - Shot Blocked by Jason Smith.
16:15 of 3rd period - Shot by Ryan Smyth.
16:15 of 3rd period - Shot Misses the Net.
16:36 of 3rd period - Shot by Jarret Stoll.
16:36 of 3rd period - Stopped by Evgeni Nabokov without a rebound.
16:37 of 3rd period - Marty Reasoner wins face-off versus Jeff Halpern in Hurricanes zone.
16:38 of 3rd period - Shot by Mike Sillinger.
16:38 of 3rd period - Stopped by Evgeni Nabokov without a rebound.
16:39 of 3rd period - Jeff Halpern wins face-off versus Marty Reasoner in Hurricanes zone.
17:22 of 3rd period - Shot by Mike Sillinger.
17:22 of 3rd period - Shot Misses the Net.
17:23 of 3rd period - Shot by Dick Tarnstrom.
17:23 of 3rd period - Shot Blocked by Glen Wesley.
17:24 of 3rd period - Shot by Steve Staios.
17:24 of 3rd period - Shot Misses the Net.
17:36 of 3rd period - Icing by Tim Gleason.
17:37 of 3rd period - Jarret Stoll wins face-off versus Jeff Halpern in Hurricanes zone.
17:38 of 3rd period - Shot by Ales Hemsky.
17:38 of 3rd period - Stopped by Evgeni Nabokov with a rebound.
17:39 of 3rd period - Shot by Jason Smith.
17:39 of 3rd period - Shot Blocked by Ray Whitney.
17:40 of 3rd period - Shot by Jarret Stoll.
17:40 of 3rd period - Shot Misses the Net.
17:43 of 3rd period - Shot by Ales Hemsky.
17:43 of 3rd period - Shot Misses the Net.
17:44 of 3rd period - Shot by Ruslan Salei.
17:44 of 3rd period - Stopped by Evgeni Nabokov with a rebound.
17:47 of 3rd period - Shot by Ryan Smyth.
17:47 of 3rd period - Stopped by Evgeni Nabokov without a rebound.
17:48 of 3rd period - Keith Tkachuk wins face-off versus Rod Brind'Amour in Hurricanes zone.
18:11 of 3rd period - Shot by Martin Havlat.
18:11 of 3rd period - Shot Misses the Net.
18:14 of 3rd period - Shot by Martin Havlat.
18:14 of 3rd period - Shot Misses the Net.
18:17 of 3rd period - Shot by Martin Havlat.
18:17 of 3rd period - Stopped by Jussi Markkanen with a rebound.
19:13 of 3rd period - Minor Penalty to Jason Smith for Elbowing.
19:14 of 3rd period - Rod Brind'Amour wins face-off versus Ales Hemsky in Oilers zone.
19:21 of 3rd period - Shot by Justin Williams.
19:21 of 3rd period - Shot Misses the Net.

Overtime #1

0:01 of 1st overtime period - Daniel Alfredsson wins face-off versus Eric Staal in neutral zone.
0:32 of 1st overtime period - Shot by Cory Stillman.
0:32 of 1st overtime period - Stopped by Jussi Markkanen without a rebound.
0:33 of 1st overtime period - Shawn Horcoff wins face-off versus Rod Brind'Amour in Oilers zone.
0:56 of 1st overtime period - Shot by Rod Brind'Amour.
0:56 of 1st overtime period - Stopped by Jussi Markkanen without a rebound.
0:57 of 1st overtime period - Eric Staal wins face-off versus Daniel Alfredsson in Oilers zone.
1:51 of 1st overtime period - Icing by Erik Cole.
1:52 of 1st overtime period - Daniel Alfredsson wins face-off versus Rod Brind'Amour in Hurricanes zone.
2:05 of 1st overtime period - Shot by Dick Tarnstrom.
2:05 of 1st overtime period - Stopped by Evgeni Nabokov without a rebound.
2:06 of 1st overtime period - Daniel Alfredsson wins face-off versus Rod Brind'Amour in Hurricanes zone.
2:12 of 1st overtime period - Icing by Tim Gleason.
2:13 of 1st overtime period - Rod Brind'Amour wins face-off versus Daniel Alfredsson in Hurricanes zone.
2:26 of 1st overtime period - Shot by Rod Brind'Amour.
2:26 of 1st overtime period - Stopped by Jussi Markkanen with a rebound.
3:33 of 1st overtime period - Shot by Eric Staal.
3:33 of 1st overtime period - Stopped by Jussi Markkanen with a rebound.
3:38 of 1st overtime period - Shot by Ryan Smyth.
3:38 of 1st overtime period - Stopped by Evgeni Nabokov without a rebound.
3:39 of 1st overtime period - Keith Tkachuk wins face-off versus Eric Staal in Hurricanes zone.
4:34 of 1st overtime period - Shot by Daniel Alfredsson.
4:34 of 1st overtime period - Stopped by Evgeni Nabokov with a rebound.
4:36 of 1st overtime period - Icing by Rod Brind'Amour.
4:37 of 1st overtime period - Rod Brind'Amour wins face-off versus Keith Tkachuk in Hurricanes zone.
4:42 of 1st overtime period - Shot by Erik Cole.
4:42 of 1st overtime period - Stopped by Jussi Markkanen without a rebound.
4:43 of 1st overtime period - Daniel Alfredsson wins face-off versus Rod Brind'Amour in Oilers zone.

ShootOut

ShootOut - Penalty Shot by Eric Staal for Hurricanes.
ShootOut - Goal by Eric Staal.
ShootOut - Penalty Shot by Daniel Alfredsson for Oilers.
ShootOut - Stopped by Evgeni Nabokov.
ShootOut - Penalty Shot by Erik Cole for Hurricanes.
ShootOut - Goal by Erik Cole.
ShootOut - Penalty Shot by Shawn Horcoff for Oilers.
ShootOut - Stopped by Evgeni Nabokov.


Output by the STHS for Stephane Roy -- Original Page W3C XHTML 1.0 Valid